 Dungeon Crawl Stone Soup version 0.28-a0-537-g3bccd9ccbf (webtiles) character file.

Game seed: 18242223761999094598

10629 mg7810 the Carver (level 11, -13/120 HPs)
             Began as a Demonspawn Fighter on Sept 26, 2021.
             Killed by divine providence
             ... invoked by a meliai
              (15 damage)
             ... on level 12 of the Dungeon on Sept 27, 2021.
             The game lasted 00:48:50 (12922 turns).

mg7810 the Carver (Demonspawn Fighter)             Turns: 12922, Time: 00:48:50

Health: -13/120    AC: 21    Str: 21    XL:     11   Next: 38%
Magic:  11/11      EV:  8    Int: 15    God:
Gold:   304        SH: 13    Dex: 12    Spells: 10/10 levels left

rFire   + . .      SeeInvis .   l - +1 long sword
rCold   + . .      Faith    .   c - +0 buckler
rNeg    . . .      Spirit   .   q - +4 chain mail {rC+}
rPois   .          Reflect  .   (helmet restricted)
rElec   .          Harm     .   u - +2 cloak
rCorr   .          Rampage  .   (no gloves)
Will    .....                   k - +0 pair of boots
Stlth   ..........              x - amulet of regeneration
HPRegen 1.30/turn               e - ring of protection from fire
MPRegen 0.12/turn               d - +6 ring of intelligence

@: berserking, corroded, very quick
A: claws 1, icy blue scales 1, foul stench 2, icemail 1, condensation shield,
horns 1, large bone plates 1
a: no special abilities


You were on level 12 of the Dungeon.
You visited 2 branches of the dungeon, and saw 13 of its levels.

You collected 664 gold pieces.
You spent 360 gold pieces at shops.

Inventory:

Hand Weapons
 l - a +1 long sword (weapon)
Missiles
 j - 72 poisoned darts (quivered)
 m - 5 boomerangs
 p - 5 javelins
Armour
 c - a +0 buckler (worn)
 k - a +0 pair of boots (worn)
 q - a +4 chain mail of cold resistance (worn)
 u - a +2 cloak (worn)
Jewellery
 d - a +6 ring of intelligence (right claw)
 e - a ring of protection from fire (left claw)
 x - an amulet of regeneration (around neck)
Wands
 n - a wand of iceblast (10)
 v - a wand of polymorph (2)
 y - a wand of acid (13)
Scrolls
 a - 3 scrolls of identify
 h - 2 scrolls of fog
 i - 6 scrolls of magic mapping
 w - a scroll of teleportation
Potions
 b - a potion of mutation
 f - a potion of haste
 o - 3 potions of heal wounds
 r - 3 potions of curing
 t - a potion of brilliance


   Skills:
 + Level 5.6 Fighting
 * Level 8.1 Long Blades
 - Level 3.1 Axes
 * Level 6.3 Throwing
 + Level 6.9 Armour
 + Level 2.1 Dodging
 + Level 6.6 Shields
 * Level 5.2 Unarmed Combat
 * Level 5.7 Evocations


You had 10 spell levels left.
You didn't know any spells.
Your spell library contained the following spells:

 Spells                   Type           Power      Damage    Failure   Level
 Apportation              Tloc           0%         N/A       91%         1
 Ensorcelled Hibernation  Hex/Ice        0%         N/A       97%         2
 Spider Form              Tmut/Pois      0%         N/A       99%         3
 Tukima's Dance           Hex            0%         N/A       99%         3
 Alistair's Intoxication  Tmut/Pois      0%         N/A       100%        5
 Invisibility             Hex            0%         N/A       100%        6


Dungeon Overview and Level Annotations

Branches:
Dungeon (12/15)            Temple (1/1) D:7             Orc (0/2) D:12
   Lair: D:8-11

Altars:
Ashenzari
Cheibriados
Dithmenos
Elyvilon
Fedhas
Gozag
Hepliaklqana
Kikubaaqudgha
Makhleb
Nemelex Xobeh
Okawaru
Qazlal
Ru
Sif Muna
Trog
Uskayaw
Vehumet
Wu Jian
Xom
Yredelemnul
Zin
The Shining One
Lugonu

Shops:
D:2 (   D:4 (

Portals:
Abyss: D:4
Trove: D:10 (give 5 potions of resistance)


Innate Abilities, Weirdness & Mutations

You have sharp fingernails.
You are partially covered in icy blue scales. (AC +2)
You sometimes emit foul miasma when damaged in melee.
A meltable icy envelope protects you from harm. (AC +4)
A meltable shield of frost defends you. (SH +4)
You have a pair of small horns on your head.
You are partially covered in large bone plates. (SH +4)


Message History

The meliai mumbles some strange prayers to its god against you.
Something smites you!
* * * LOW HITPOINT WARNING * * *
The meliai hits you but does no damage. The meliai closely misses you.
The orc hits you but does no damage.
Your chain mail prevents you from hitting the meliai.
Your headbutt misses the meliai.
The meliai is almost dead.
The meliai invokes the aid of its god against you.
Something smites you!
* * * LOW HITPOINT WARNING * * *
You block the meliai's attack.
The meliai stings you but does no damage.
The meliai hits you with a +0 hand axe.
* * * LOW HITPOINT WARNING * * *
The meliai stings you but does no damage.
The meliai hits you with a +0 war axe.
* * * LOW HITPOINT WARNING * * *
You emit a cloud of foul miasma!
You block the meliai's attack. The meliai completely misses you.
The meliai stings you but does no damage.
The meliai barely misses you.
The meliai stings you but does no damage.
You hit the meliai.
The meliai is almost dead.
The meliai is engulfed in dark miasma.
The meliai is poisoned.
The meliai seems to slow down.
You block the meliai's attack.
The meliai stings you but does no damage.
The meliai hits you with a +0 war axe.
* * * LOW HITPOINT WARNING * * *
You emit a cloud of foul miasma!
The meliai stings you but does no damage.
You block the orc's attack. The meliai hits you but does no damage.
The meliai stings you but does no damage.
You barely miss the meliai.
The meliai is engulfed in dark miasma.
The meliai is poisoned.
You kill the meliai!
The meliai calls down the wrath of its god upon you.
Something smites you!
You die...

.≈§§≈≈...........#
.≈§≈≈≈...........+
§§§≈§...........#
§≈§§§..'##......#
§§≈§≈....#......#
≈§§≈.....########
§§≈§.....#
≈≈≈......#
≈≈....o@§#
.......yy#
......W..#
.........#
.........#
.........#
.........#
.........#


You could see a wraith, 2 meliai and an orc.

Vanquished Creatures
  A hydra (D:12)
  A two-headed ogre (D:6)
  Pikel (D:4)
  2 manticores
  An ugly thing (D:11)
  An unseen horror (D:10)
  2 trolls
  A meliai (D:12)
  6 yaks (D:9)
  A vampire (D:10)
  A shadow (D:10)
  Sigmund (D:4)
  2 wraiths (D:9)
  2 vampire mosquitoes (D:12)
  A steam dragon (D:10)
  Edmund (D:5)
  A naga (D:10)
  A water moccasin (D:8)
  Duvessa (D:5)
  A hornet zombie (D:7)
  5 orc warriors
  A black bear (D:6)
  4 ogres
  A necrophage (D:6)
  3 centaurs
  A lemure (D:4)
  A phantom (D:7)
  2 kobold brigands
  A bullfrog (D:9)
  A gnoll sergeant (D:6)
  A scorpion (D:5)
  Dowan (D:5)
  5 howler monkeys
  5 centaur zombies
  A bullfrog zombie (D:6)
  2 hounds (D:7)
  3 jellies
  Crazy Yiuf (D:5)
  9 orc priests
  A gnoll shaman (D:6)
  2 bullfrog skeletons (D:5)
  10 orc wizards
  3 iguanas
  A killer bee zombie (D:7)
  Robin (D:3)
  7 gnolls
  6 adders
  2 shadow imps (D:6)
  A white imp (D:6)
  An ufetubus (D:6)
  An adder skeleton (D:2)
  9 worms
  A dart slug (D:3)
  46 orcs
  5 ball pythons
  5 bats
  12 endoplasms
  3 giant cockroaches
  8 goblins
  7 hobgoblins
  9 jackals
  21 kobolds
  8 quokkas
  2 frilled lizards (D:1)
  3 rats
252 creatures vanquished.

Vanquished Creatures (collateral kills)
  2 yaks (D:9)
  3 orc priests (D:7)
  2 shadow imps (D:7)
7 creatures vanquished.

Vanquished Creatures (others)
  A yak (D:9)
  A jelly (D:6)
  A gnoll (D:6)
  An orc wizard (D:9)
  An orc (D:9)
  3 plants
8 creatures vanquished.

Grand Total: 267 creatures vanquished

Notes
Turn   | Place    | Note
-------+----------+-------------------------------------------
     0 | D:1      | mg7810 the Demonspawn Fighter began the quest for the Orb.
     0 | D:1      | Reached XP level 1. HP: 18/18 MP: 1/1
    59 | D:1      | Found a faded altar of an unknown god.
   266 | D:1      | Gained mutation: A meltable shield of frost defends you.
                  | (SH +4) [demonic ancestry]
   266 | D:1      | Reached XP level 2. HP: 24/24 MP: 2/2
   509 | D:1      | Reached skill level 2 in Long Blades
   905 | D:2      | Reached XP level 3. HP: 29/29 MP: 3/3
  1003 | D:2      | Found Ystrashriho's Weapon Shoppe.
  1158 | D:2      | You fall into a shaft and drop 1 floor!
  1158 | D:3      | Noticed Robin
  1188 | D:3      | HP: 1/29 [frozen (5)]
  1193 | D:3      | Reached skill level 1 in Throwing
  1198 | D:3      | Killed Robin
  1204 | D:3      | Gained mutation: You may rarely emit foul miasma when
                  | damaged in melee. [demonic ancestry]
  1204 | D:3      | Reached XP level 4. HP: 31/35 MP: 4/4
  2645 | D:4      | Reached XP level 5. HP: 38/41 MP: 5/5
  2724 | D:4      | Found a one-way gate to the infinite horrors of the Abyss.
  2757 | D:4      | Noticed a lemure
  2860 | D:4      | Noticed an ogre
  2888 | D:4      | Killed an ogre
  2889 | D:4      | Reached skill level 3 in Long Blades
  3116 | D:4      | Gained mutation: You are partially covered in icy blue
                  | scales. (AC +2) [demonic ancestry]
  3116 | D:4      | Reached XP level 6. HP: 47/47 MP: 6/6
  3314 | D:4      | Found an ancient bone altar of Kikubaaqudgha.
  3495 | D:5      | Entered Level 5 of the Dungeon
  3601 | D:5      | Reached skill level 1 in Dodging
  3812 | D:5      | Noticed Dowan
  3813 | D:5      | Noticed Duvessa
  3837 | D:5      | Killed Duvessa
  3844 | D:5      | Killed Dowan
  3845 | D:5      | Reached skill level 4 in Long Blades
  3845 | D:5      | Gained mutation: A meltable icy envelope protects you from
                  | harm. (AC +4) [demonic ancestry]
  3845 | D:5      | Reached XP level 7. HP: 26/53 MP: 7/7
  4061 | D:5      | Noticed Edmund
  4072 | D:5      | Gained mutation: You are partially covered in large bone
                  | plates. (SH +4) [potion of mutation]
  4072 | D:5      | Gained mutation: You have a pair of small horns on your
                  | head. [potion of mutation]
  4090 | D:5      | Killed Edmund
  4507 | D:5      | Found a runed translucent door.
  4508 | D:5      | Noticed Crazy Yiuf
  5037 | D:5      | Killed Crazy Yiuf
  5038 | D:5      | Reached skill level 1 in Evocations
  5430 | D:6      | Noticed a manticore
  5447 | D:6      | HP: 1/53 [manticore/volley of spikes (17)]
  5450 | D:6      | Killed a manticore
  5451 | D:6      | Reached skill level 1 in Unarmed Combat
  5451 | D:6      | Gained mutation: You sometimes emit foul miasma when
                  | damaged in melee. [demonic ancestry]
  5451 | D:6      | Reached XP level 8. HP: 12/60 MP: 8/8
  5467 | D:7      | Reached skill level 5 in Armour
  5656 | D:7      | Found a staircase to the Ecumenical Temple.
  5671 | D:7      | Reached skill level 5 in Long Blades
  5683 | Temple   | Entered the Ecumenical Temple
  6045 | D:6      | Noticed a two-headed ogre
  6056 | D:6      | Killed a two-headed ogre
  6057 | D:6      | Reached XP level 9. HP: 43/66 MP: 9/9
  6346 | D:7      | Reached skill level 5 in Shields
  6762 | D:7      | Found a transporter.
  7140 | D:7      | Found a transporter.
  7280 | D:7      | Noticed a kobold demonologist
  7458 | D:7      | Upgraded the game from 0.28-a0-535-g6f645e4c1d to
                  | 0.28-a0-537-g3bccd9ccbf
  7645 | D:8      | Reached skill level 6 in Long Blades
  8007 | D:8      | Noticed a manticore
  8020 | D:8      | Killed a manticore
  8021 | D:8      | Reached skill level 5 in Throwing
  8956 | D:6      | Gained mutation: You have sharp fingernails. [demonic
                  | ancestry]
  8956 | D:6      | Reached XP level 10. HP: 73/73 MP: 10/10
  9620 | D:4      | Noticed Pikel
  9660 | D:4      | Killed Pikel
  9661 | D:4      | Reached skill level 5 in Fighting
  9824 | D:4      | Noticed Sigmund
  9835 | D:4      | Killed Sigmund
  9859 | D:4      | Found Falug's Antique Weapon Shop.
  9909 | D:4      | Found a large runed translucent door.
  9910 | D:4      | Found a large runed translucent door.
  9994 | D:4      | Found a corrupted altar of Lugonu.
 10444 | D:4      | Bought a runed hand axe for 180 gold pieces
 10444 | D:4      | Bought a glowing hand axe for 180 gold pieces
 10683 | D:9      | Noticed Maurice
 10703 | D:10     | Entered Level 10 of the Dungeon
 10849 | D:9      | Reached skill level 1 in Axes
 10894 | D:9      | Reached skill level 5 in Evocations
 11216 | D:9      | Noticed a two-headed ogre
 11665 | D:10     | Noticed Maurice
 11678 | D:10     | Killed Maurice the naga
 11897 | D:10     | Reached XP level 11. HP: 80/80 MP: 11/11
 11971 | D:10     | Reached skill level 7 in Long Blades
 12122 | D:10     | Found a portal to a secret trove of treasure.
 12547 | D:11     | Reached skill level 5 in Unarmed Combat
 12583 | D:11     | Noticed a boulder beetle
 12601 | D:11     | Noticed a cyan ugly thing
 12625 | D:11     | Killed a cyan ugly thing
 12775 | D:12     | Found a staircase to the Orcish Mines.
 12806 | D:12     | Noticed a four-headed hydra
 12820 | D:12     | Killed a five-headed hydra
 12821 | D:12     | Reached skill level 8 in Long Blades
 12920 | D:12     | HP: 3/120 [meliai (4)]
 12921 | D:12     | HP: 1/120 [meliai (3)]
 12922 | D:12     | Killed from afar by a meliai

Illustrated notes

Levels and vault maps discovered:
D:1:      dpeg_arrival_more_subterranean_lakeside_camping, layout_rooms,
          hellmonk_ecumenical_altar_slurped_away
D:2:      layout_basic, serial_bayou, serial_bayou_ford_a,
          serial_bayou_crossing, serial_bayou_pond_e, serial_bayou_shore_b,
          serial_shops, nicolae_square_shop, roderic_lattice_a
D:3:      layout_basic, uniq_robin
D:4:      due_chaos_kobolds, layout_gridville, mainiacjoe_overflow_alcove_1,
          serial_shops, nicolae_shop_temple_entry_statues_fountains,
          palyth_stone_intersect, uniq_sigmund, uniq_pikel
D:5:      layout_loops_cross, uniq_duvessa, uniq_edmund, uniq_crazy_yiuf_cottage
D:6:      hangedman_cross_stitches, layout_basic, minmay_misc_feat_rows
D:7:      gammafunk_wand_slinger, layout_basic, minmay_temple_entry_large_hall
D:8:      layout_basic, minmay_misc_feat_roman
D:9:      layout_loops_ring, uniq_maurice
D:10:     layout_long_grid, nicolae_trove_entry_crossroad
D:11:     evilmike_iron_armoury, layout_long_grid, erik_lair_island,
          serial_park_tiny_2, yredelemnul_forgotten_temple_becter
D:12:     layout_gridville, hiddenorc2_lemuel, minmay_lindwurm_lava
Temple:   grunt_wide_crystal_templ

Skill      XL: |  1  2  3  4  5  6  7  8  9 10 11 |
---------------+----------------------------------+-----
Armour         | 3 4 5 6 |  6.9
Long Blades    | 2 3 4 5 6 8 |  8.1
Shields        | 3 4 5 6 |  6.6
Throwing       | 1 2 3 4 5 6 |  6.3
Dodging        | 1 2 |  2.1
Evocations     | 2 3 4 5 |  5.7
Fighting       | 4 5 |  5.6
Unarmed Combat | 1 2 3 4 5 |  5.2
Axes           | 3 |  3.1

Action                   |  1- 3 |  4- 6 |  7- 9 | 10-12 || total
-------------------------+-------+-------+-------+-------++-------
Melee: Long sword        |   102 |   220 |   347 |   308 ||   977
       Headbutt          |       |       |    72 |   130 ||   202
       Hand axe          |       |       |       |   183 ||   183
Throw: Dart              |       |     8 |     6 |    14 ||    28
Evoke: Wand              |       |       |    12 |    26 ||    38
  Use: Potion            |     2 |       |     4 |     2 ||     8
       Scroll            |       |       |    11 |     6 ||    17
 Stab: Invisible         |       |       |     1 |       ||     1
Armor: Scale mail        |    48 |   115 |       |       ||   163
       Plate armour      |       |    31 |     9 |       ||    40
       Chain mail        |       |       |   144 |   322 ||   466
       Skin              |       |       |     2 |       ||     2
Dodge: Dodged            |    50 |   100 |   120 |   139 ||   409
Block: Buckler           |    48 |    95 |   280 |   354 ||   777

Table legend: (Time is in decaauts)
 A = Elapsed time spent in this place.
 B = Non-inter-level travel time spent in this place.
 C = Inter-level travel time spent in this place.
 D = Time resting spent in this place.
 E = Time spent auto-exploring this place.
 F = Levels seen in this place.
 G = Mean time per level.
                   A        B        C        D        E       F      G
               +--------+--------+--------+--------+--------+-----+--------+
         Total |  13193 |  12133 |   1060 |     36 |   8844 |  13 | 1014.8 |
       Dungeon |  13054 |  12000 |   1054 |     36 |   8760 |  12 | 1087.8 |
        Temple |    138 |    132 |      6 |      0 |     84 |   1 |  138.0 |
               +--------+--------+--------+--------+--------+-----+--------+

Top non-repeatable levels by time:
     D:5: 1988 daAuts
     D:7: 1809 daAuts
     D:6: 1524 daAuts
     D:4: 1480 daAuts
     D:2: 1235 daAuts
     D:9: 1093 daAuts
     D:8: 1038 daAuts
     D:3: 931 daAuts
    D:10: 843 daAuts
     D:1: 681 daAuts
    D:12: 292 daAuts
  Temple: 138 daAuts
    D:11: 135 daAuts
